 Dungeon Crawl Stone Soup version 0.21-a0-110-g8e1637b (webtiles) character file.

1001 Alarkh the Cleaver (level 8, 52/52 HPs)
             Began as a Demonspawn Monk on July 8, 2017.
             Was a Priest of Okawaru.
             Got out of the dungeon alive.
             The game lasted 00:08:12 (7205 turns).

Alarkh the Cleaver (Demonspawn Monk)                Turns: 7205, Time: 00:08:13

Health: 52/52      AC:  8    Str: 12    XL:     8   Next: 0%
Magic:  8/8        EV: 17    Int: 14    God:    Okawaru [***...]
Gold:   234        SH:  0    Dex: 15    Spells: 5/7 levels left

rFire    + . .     SeeInvis .   a - +2 war axe (chop)
rCold    + + .     Gourm    .   (no shield)
rNeg     . . .     Faith    .   k - +2 ring mail {MR+}
rPois    .         Spirit   .   (helmet restricted)
rElec    .         Reflect  .   t - +0 cloak
rCorr    .         Harm     .   (no gloves)
MR       +....                  (no boots)
Stlth    +.........             (no amulet)
HPRegen  0.17/turn              h - +6 ring of evasion
MPRegen  0.11/turn              B - ring of wizardry

@: no status effects
A: horns 1, cold resistance 2, fire resistance 1, frail 1, spiny 1, evolution 1
a: Heroism, Renounce Religion


You escaped.
You worshipped Okawaru.
Okawaru was most pleased with you.
You were hungry.

You visited 1 branch of the dungeon, and saw 5 of its levels.

You collected 234 gold pieces.

Inventory:

Hand Weapons
 a - a +2 war axe of chopping (weapon)
 D - a +0 hand axe
Armour
 b - a +0 robe
 k - a +2 ring mail of magic resistance (worn)
 t - a +0 cloak (worn)
 v - a +0 ring mail
Jewellery
 h - a +6 ring of evasion (left hand)
 B - a ring of wizardry (right hand)
Wands
 s - a wand of polymorph (0/24)
Scrolls
 d - 2 scrolls of amnesia
 e - a scroll of identify
 g - 2 scrolls of teleportation
 i - 2 scrolls of blinking
 m - a scroll of enchant armour
 n - 2 scrolls of recharging {unknown}
 q - a scroll of remove curse {unknown}
 u - a scroll of noise {unknown}
 x - a scroll of immolation
 y - a scroll of random uselessness {unknown}
Potions
 j - 2 potions of heal wounds
 p - a potion of agility
 r - a potion of flight
 w - 3 potions of magic
 z - a potion of curing
Books
 C - a Young Poisoner's Handbook

   Spells                             Type                      Level
   a - Sting                          Conjuration/Poison           1
   b - Poisonous Vapours              Poison/Air                   2
   c - Mephitic Cloud                 Conjuration/Poison/Air       3
   d - Olgreb's Toxic Radiance        Poison                       4
   e - Venom Bolt                     Conjuration/Poison           5
Comestibles
 c - 2 bread rations
 f - 3 royal jellies
 o - 7 fruits
 A - a meat ration


   Skills:
 - Level 3.0 Fighting
 + Level 8.9 Axes
 - Level 2.6 Dodging
 - Level 1.7 Stealth


You had 5 spell levels left.
You knew the following spells:

 Your Spells              Type           Power        Failure   Level  Hunger
a - Poisonous Vapours     Pois/Air       #.....       36%         2    ###....


Dungeon Overview and Level Annotations

Branches:
Dungeon (5/15)
 Temple: D:4-7

Altars:
Ashenzari
Cheibriados
Fedhas
Kikubaaqudgha
Nemelex Xobeh
Okawaru
Uskayaw
Yredelemnul


Innate Abilities, Weirdness & Mutations

Your flesh is heat resistant. (rF+)
You are partially covered in sharp spines.
You have a pair of small horns on your head.
Your flesh is very cold resistant. (rC++)
You are frail. (-10% HP)
You evolve.


Message History

No target in view!
No target in view!
No target in view!
No target in view!
No target in view!
No target in view!
No target in view!
No target in view!
No target in view!
No target in view!
No target in view!
No target in view!
No target in view!
(D) Dungeon
Where to? (Enter - D:1 @ (x,y), ? - help)
Okay, then.
Unknown command.
There is a staircase leading out of the dungeon here.
Are you sure you want to leave the Dungeon?
This will make you lose the game!
You have escaped!

######.............
#..................
##########.........
##8.8###.######.#
#......#.........
#......#.######.#
##......#.........
#8......#.######..
#@......'.# ##..
#8......#.# #...
##......#.# #...
#......#.#####...
#......#.........
##8.8###.#####...
#########.........
#.................
#####.####............


There were no monsters in sight!

Vanquished Creatures
  An orc warrior (D:4)
  An ice beast (D:5)
  A phantom (D:5)
  A scorpion (D:5)
  3 crimson imps (D:5)
  2 hounds
  A centaur skeleton (D:5)
  An orc priest (D:5)
  A bullfrog skeleton (D:5)
  4 orc wizards
  2 worker ants (D:5)
  5 adders
  4 shadow imps (D:5)
  3 oozes
  An adder skeleton (D:4)
  3 worms
  4 dart slugs
  11 leopard geckos
  19 orcs
  3 giant cockroaches
  8 goblins
  8 hobgoblins
  5 jackals
  4 quokkas
  2 ball pythons
  8 bats
  10 frilled lizards
  3 kobolds
  13 rats
132 creatures vanquished.

Vanquished Creatures (others)
  An orc wizard (D:4)
  A plant (D:4)
2 creatures vanquished.

Grand Total: 134 creatures vanquished

Notes
Turn   | Place    | Note
-------+----------+-------------------------------------------
     0 | D:1      | Alarkh the Demonspawn Monk began the quest for the Orb.
     0 | D:1      | Reached XP level 1. HP: 18/18 MP: 1/1
   118 | D:1      | Reached skill level 3 in Axes
   297 | D:1      | Gained mutation: Your flesh is heat resistant. (rF+) [demonic ancestry]
   297 | D:1      | Reached XP level 2. HP: 17/24 MP: 2/2
   999 | D:1      | Reached XP level 3. HP: 23/29 MP: 3/3
  1436 | D:2      | Reached skill level 4 in Axes
  1604 | D:2      | Found a hide-covered altar of Uskayaw.
  1657 | D:2      | Found a blossoming altar of Fedhas.
  1659 | D:2      | Found an ancient bone altar of Kikubaaqudgha.
  1927 | D:2      | Reached XP level 4. HP: 28/35 MP: 4/4
  2593 | D:3      | Found an iron altar of Okawaru.
  2723 | D:3      | Became a worshipper of Warmaster Okawaru
  2723 | D:3      | Reached * piety under Okawaru
  2723 | D:3      | Reached ** piety under Okawaru
  2894 | D:3      | Found a sparkling altar of Nemelex Xobeh.
  3024 | D:3      | Reached skill level 5 in Axes
  3189 | D:4      | Found a shattered altar of Ashenzari.
  3445 | D:4      | Reached XP level 5. HP: 41/41 MP: 5/5
  3665 | D:4      | Noticed an orc warrior
  3695 | D:4      | Gained mutation: You are robust. (+10% HP) [potion of mutation]
  3695 | D:4      | Gained mutation: You have a pair of small horns on your head. [potion of mutation]
  3695 | D:4      | Gained mutation: Your magical capacity is low. (-10% MP) [potion of mutation]
  3695 | D:4      | Gained mutation: You have a pair of horns on your head. [potion of mutation]
  3784 | D:5      | Entered Level 5 of the Dungeon
  4303 | D:4      | Found a basalt altar of Yredelemnul.
  4363 | D:4      | Reached skill level 6 in Axes
  4615 | D:4      | Lost mutation: You have a pair of horns on your head. [potion of mutation]
  4615 | D:4      | Lost mutation: You are robust. (+10% HP) [potion of mutation]
  4615 | D:4      | Lost mutation: Your magical capacity is low. (-10% MP) [potion of mutation]
  4615 | D:4      | Gained mutation: Your flesh is cold resistant. (rC+) [potion of mutation]
  4615 | D:4      | Gained mutation: You evolve. [potion of mutation]
  4615 | D:4      | Gained mutation: Your flesh is very cold resistant. (rC++) [potion of mutation]
  4670 | D:5      | Reached XP level 6. HP: 11/47 MP: 6/6
  4700 | D:5      | Gained mutation: You are frail. (-10% HP) [evolution]
  5282 | D:5      | Reached skill level 7 in Axes
  5670 | D:5      | Reached XP level 7. HP: 37/46 MP: 7/7
  6125 | D:5      | Reached skill level 8 in Axes
  6354 | D:5      | Reached *** piety under Okawaru
  6358 | D:5      | Learned a level 2 spell: Poisonous Vapours
  7077 | D:4      | Gained mutation: You are partially covered in sharp spines. [demonic ancestry]
  7077 | D:4      | Reached XP level 8. HP: 48/52 MP: 8/8
  7140 | D:4      | Found a snail-covered altar of Cheibriados.
  7205 | D:$      | Got out of the dungeon alive.

Vault maps used:
D:1:      mrwooster_arrival_statue_3, minmay_misc_feat_pillars
D:2:      grunt_temple_overflow_growth_and_decay, marbit_many_paths, first_bread
D:3:      old_standard_altar, nemelex_dance_club_becter
D:4:      kennysheep_ying_yang, kennysheep_mini_moat, lemuel_doored_altar,
          minmay_lizard_king
D:5:      kb_forest_paths, serial_park_tiny_1, serial_bayou_pond_a,
          hangedman_abyss_or_decor_stagger

Skill      XL: |  1  2  3  4  5  6  7 |
---------------+----------------------+-----
Axes           | 3 4 5 6 7 8 |  8.9
Fighting       | |  3.0
Dodging        | |  2.6
Stealth        | |  1.7

Action                   |  1- 3 |  4- 6 |  7- 9 || total
-------------------------+-------+-------+-------++-------
Melee: Hand axe          |   176 |   294 |   174 ||   644
       Headbutt          |       |    28 |    31 ||    59
       War axe           |       |       |     4 ||     4
       Punch             |       |       |     1 ||     1
 Cast: Poisonous Vapours |       |       |     2 ||     2
Invok: Heroism           |       |     2 |     2 ||     4
Evoke: Wand              |       |     3 |       ||     3
  Use: Potion            |     1 |     6 |     1 ||     8
       Scroll            |       |     5 |     3 ||     8
 Stab: Sleeping          |     6 |       |       ||     6
  Eat: Chunk             |     3 |    12 |     5 ||    20
Armor: Robe              |     8 |       |       ||     8
       Ring mail         |    31 |    97 |    39 ||   167
Dodge: Dodged            |   145 |   245 |   125 ||   515
